 Dungeon Crawl Stone Soup version 0.27.1-33-g824d729ab1 (webtiles) character file.

Game seed: 8517079621006570486

751 jlumianski the Ducker (level 7, -4/90 HPs)
             Began as a Gnoll Monk on Dec 20, 2021.
             Succumbed to a scorpion's poison
             ... on level 5 of the Dungeon.
             The game lasted 00:17:51 (5059 turns).

jlumianski the Ducker (Gnoll Monk)                  Turns: 5059, Time: 00:17:51

Health: -4/90      AC: 30    Str: 12    XL:     7   Next: 78%
Magic:  10/11      EV:  2    Int: 10    God:
Gold:   117        SH:  5    Dex: 20    Spells: 11/11 levels left

rFire    . . .     SeeInvis .   g - +4 long sword (protect)
rCold    . . .     Faith    .   C - +0 buckler
rNeg     + + +     Spirit   .   (armour currently unavailable)
rPois    +         Reflect  .   (helmet currently unavailable)
rElec    .         Harm     .   (cloak currently unavailable)
rCorr    .         Rampage  .   (gloves currently unavailable)
Will     .....     NoTele   +   (boots currently unavailable)
Stlth    +++.......             (no amulet)
HPRegen  0.25/turn              k - +6 ring of dexterity
MPRegen  0.12/turn              (no ring)

@: lethally poisoned (-4 -> -28), tree-form, under a protective aura
A: stationary, stasis, torment immunity, boosted hp, (fangs 1), strong nose,
distributed training
a: no special abilities


You were on level 5 of the Dungeon.
You were a tree.
You visited 1 branch of the dungeon, and saw 5 of its levels.

You collected 117 gold pieces.

Inventory:

Hand Weapons
 a - a +0 hand axe
 f - a +3 vorpal spear
 g - a +4 long sword of protection (weapon)
 l - a +2 quarterstaff of chaos
 m - a +0 hunting sling
 t - a +2 dagger of protection
 x - a +0 dagger of venom
Missiles
 c - 235 stones (quivered)
 h - 20 bolts
 B - 7 poisoned darts
Armour
 b - a +0 robe
 d - a +2 helmet (melded)
 e - a +0 ring mail
 o - a +0 cloak (melded)
 p - a +0 cloak
 u - a +0 plate armour (melded)
 C - a +0 buckler (worn)
Magical Staves
 n - a staff of conjuration
 r - a staff of death
 v - a staff of poison
Jewellery
 k - a +6 ring of dexterity (left branch)
Wands
 y - a wand of polymorph (10)
 A - a wand of acid (15)
Scrolls
 i - 3 scrolls of summoning
 q - a scroll of noise
Potions
 j - a potion of haste
 s - a potion of lignification
 w - a potion of might
 z - a potion of brilliance


   Skills:
 + Level 7.1 Fighting
 + Level 2.7 Short Blades
 + Level 2.7 Long Blades
 + Level 7.1 Axes
 + Level 2.7 Maces & Flails
 + Level 2.7 Polearms
 + Level 2.7 Staves
 + Level 2.7 Slings
 + Level 2.7 Bows
 + Level 2.7 Crossbows
 + Level 2.7 Throwing
 + Level 2.7 Armour
 + Level 7.1 Dodging
 + Level 5.0 Stealth
 + Level 2.7 Shields
 + Level 2.7 Unarmed Combat
 + Level 2.7 Spellcasting
 + Level 2.2 Conjurations
 + Level 2.2 Hexes
 + Level 2.2 Summonings
 + Level 2.2 Necromancy
 + Level 2.2 Translocations
 + Level 2.2 Transmutations
 + Level 2.2 Fire Magic
 + Level 2.2 Ice Magic
 + Level 2.2 Air Magic
 + Level 2.2 Earth Magic
 + Level 2.2 Poison Magic
 + Level 3.0 Invocations
 + Level 2.7 Evocations


You had 11 spell levels left.
You didn't know any spells.
Your spell library contained the following spells:

 Spells                   Type           Power      Damage    Failure   Level
 Passwall                 Tmut/Erth      4%         N/A       21%         2
 Slow                     Hex            5%         N/A       21%         2
 Confusing Touch          Hex            5%         N/A       38%         3
 Gell's Gravitas          Tloc           2%         N/A       38%         3
 Lesser Beckoning         Tloc           2%         N/A       38%         3
 Swiftness                Air            5%         N/A       38%         3
 Teleport Other           Tloc           5%         N/A       38%         3
 Yara's Violent Unravell  Hex/Tmut       2%         3d3       98%         5
 Invisibility             Hex            2%         N/A       100%        6


Dungeon Overview and Level Annotations

Branches:
Dungeon (5/15)
 Temple: D:4-7

Altars:
Makhleb
Qazlal
Ru
Uskayaw
Wu Jian


Innate Abilities, Weirdness & Mutations

You are a tree.
Your roots penetrate the ground, keeping you stationary.
You cannot be teleported.
You are immune to unholy pain and torment.
Your maximum health is greatly increased.
Your equipment is partially melded.
((You have very sharp teeth.))
Your uncanny sense of smell can sniff out nearby items.
Your experience applies equally to all skills.


Message History

You kill the centaur!
You feel sick. The scorpion stings you.
You are more poisoned.
The scorpion poisons you!
The scorpion stings you but does no damage.
Your Stealth skill increases to level 5!
You closely miss the scorpion.
You feel very sick. The scorpion stings you.
* * * LOW HITPOINT WARNING * * *
You are lethally poisoned!
The scorpion poisons you!
Okay, then.
Aiming: Corrosive Bolt
Press: ? - help, Shift-Dir - straight line, f - scorpion
Aim: a scorpion (71% to hit)
The bolt of acid hits the scorpion!
The scorpion is splashed with acid.
The scorpion is almost dead.
* * * LOW HITPOINT WARNING * * *
You feel very sick. The scorpion stings you.
* * * LOW HITPOINT WARNING * * *
You are more poisoned.
The scorpion poisons you!
Aiming: Polymorph
Press: ? - help, Shift-Dir - straight line, f/p - scorpion
Aim: a scorpion (almost dead, will become a fire bat, a warg, or a bullfrog, chance to affect: 53%)
Okay, then.
You slash the scorpion!
Your weapon exudes an aura of protection.
You kill the scorpion!
* * * LOW HITPOINT WARNING * * *
You feel extremely sick.
Your Invocations skill increases to level 3!
Really quaff the potion of lignification?
You turn into a tree.
Your +0 cloak melds into your body.
Your +2 helmet melds into your body.
Your +0 plate armour melds into your body.
Your roots penetrate the ground.
You die...

... ####...
....###########....##
..................###
.................)...
.............###.....
...........## ...###
..........## ......
#####....## .....###
#.)♣....## ......#
...........## .....#
.........### ...
.>........
...........
............
$.........(.#
............#


There were no monsters in sight!

Vanquished Creatures
  A necrophage (D:2)
  A centaur (D:5)
  A kobold brigand (D:4)
  2 scorpions
  2 orc priests
  Crazy Yiuf (D:3)
  Jessica (D:3)
  Ijyb (D:3)
  Terence (D:1)
  3 orc wizards (D:4)
  3 adders
  An ufetubus (D:4)
  An adder skeleton (D:4)
  4 worms (D:2)
  2 dart slugs (D:1)
  15 orcs
  7 bats
  6 endoplasms
  3 giant cockroaches
  7 hobgoblins
  10 kobolds
  4 quokkas
  3 ball pythons
  A frilled lizard (D:3)
  10 goblins
  4 rats
95 creatures vanquished.

Vanquished Creatures (others)
  2 fungi (D:3)
2 creatures vanquished.

Grand Total: 97 creatures vanquished

Notes
Turn   | Place    | Note
-------+----------+-------------------------------------------
     0 | D:1      | jlumianski the Gnoll Monk began the quest for the Orb.
     0 | D:1      | Reached XP level 1. HP: 23/23 MP: 1/1
   424 | D:1      | Reached XP level 2. HP: 21/29 MP: 2/2
  1147 | D:1      | Reached XP level 3. HP: 23/35 MP: 3/3
  1680 | D:2      | Reached skill level 1 in Invocations
  1730 | D:2      | Noticed Terence
  1780 | D:1      | Reached skill level 1 in Short Blades
  1780 | D:1      | Reached skill level 1 in Long Blades
  1780 | D:1      | Reached skill level 1 in Maces & Flails
  1780 | D:1      | Reached skill level 1 in Polearms
  1780 | D:1      | Reached skill level 1 in Staves
  1780 | D:1      | Reached skill level 1 in Slings
  1780 | D:1      | Reached skill level 1 in Bows
  1780 | D:1      | Reached skill level 1 in Crossbows
  1780 | D:1      | Reached skill level 1 in Throwing
  1780 | D:1      | Reached skill level 1 in Armour
  1780 | D:1      | Reached skill level 1 in Shields
  1780 | D:1      | Reached skill level 1 in Unarmed Combat
  1780 | D:1      | Reached skill level 1 in Spellcasting
  1780 | D:1      | Reached skill level 1 in Evocations
  1808 | D:1      | Killed Terence
  1809 | D:1      | Reached XP level 4. HP: 27/41 MP: 5/5
  1984 | D:2      | Reached skill level 1 in Conjurations
  1984 | D:2      | Reached skill level 1 in Hexes
  1984 | D:2      | Reached skill level 1 in Summonings
  1984 | D:2      | Reached skill level 1 in Necromancy
  1984 | D:2      | Reached skill level 1 in Translocations
  1984 | D:2      | Reached skill level 1 in Transmutations
  1984 | D:2      | Reached skill level 1 in Fire Magic
  1984 | D:2      | Reached skill level 1 in Ice Magic
  1984 | D:2      | Reached skill level 1 in Air Magic
  1984 | D:2      | Reached skill level 1 in Earth Magic
  1984 | D:2      | Reached skill level 1 in Poison Magic
  2618 | D:3      | Found a burning altar of Makhleb.
  2620 | D:3      | Noticed Ijyb
  2644 | D:3      | Killed Ijyb
  2645 | D:3      | Reached XP level 5. HP: 41/47 MP: 5/7
  2733 | D:3      | Found a faded altar of an unknown god.
  2823 | D:3      | Noticed a necrophage
  2861 | D:2      | Killed a necrophage
  2862 | D:2      | Reached XP level 6. HP: 36/53 MP: 8/8
  2967 | D:3      | Found a stormy altar of Qazlal.
  2995 | D:3      | Noticed Jessica
  2999 | D:3      | Killed Jessica
  3219 | D:3      | Found a runed translucent door.
  3220 | D:3      | Noticed Crazy Yiuf
  3229 | D:3      | Paralysed by Crazy Yiuf for 4 turns
  3237 | D:3      | Killed Crazy Yiuf
  3890 | D:4      | Found a hide-covered altar of Uskayaw.
  3969 | D:4      | Reached XP level 7. HP: 32/59 MP: 10/10
  3969 | D:4      | Found a sacrificial altar of Ru.
  4710 | D:4      | Found an ornate altar of the Wu Jian Council.
  5029 | D:5      | Entered Level 5 of the Dungeon
  5056 | D:5      | Reached skill level 5 in Stealth
  5058 | D:5      | HP: 1/60 [poisoned by a scorpion]
  5059 | D:5      | Succumbed to a scorpion's poison

Illustrated notes

Levels and vault maps discovered:
D:1:      lemuel_arrival_hallway, layout_basic, chequers_serial_rivers_room_a
D:2:      layout_basic, minmay_pentomino_pile, uniq_terence
D:3:      layout_basic, bloody_makhleb, grunt_qazlal_sundering,
          shapermc_ecumenical_altar_acropolis, minmay_misc_feat_hallway,
          grunt_ministairs_7, nrook_mini_vaults, uniq_crazy_yiuf_cottage,
          uniq_ijyb, uniq_jessica
D:4:      layout_basic, nicolae_ru_awakened_eye, kennysheep_little_box,
          mainiacjoe_overflow_brackets, lemuel_flame_loot_1
D:5:      layout_rooms, nrook_mini_backslash, kennysheep_opposing_triangles,
          uniq_prince_ribbit1

Skill      XL: |  1  2  3  4  5  6  7 |
---------------+----------------------+-----
Invocations    | 1 2 3 |  3.0
Short Blades   | 1 2 |  2.7
Long Blades    | 1 2 |  2.7
Maces & Flails | 1 2 |  2.7
Polearms       | 1 2 |  2.7
Staves         | 1 2 |  2.7
Slings         | 1 2 |  2.7
Bows           | 1 2 |  2.7
Crossbows      | 1 2 |  2.7
Throwing       | 1 2 |  2.7
Armour         | 1 2 |  2.7
Shields        | 1 2 |  2.7
Unarmed Combat | 1 2 |  2.7
Spellcasting   | 1 2 |  2.7
Evocations     | 1 2 |  2.7
Conjurations   | 1 2 |  2.2
Hexes          | 1 2 |  2.2
Summonings     | 1 2 |  2.2
Necromancy     | 1 2 |  2.2
Translocations | 1 2 |  2.2
Transmutations | 1 2 |  2.2
Fire Magic     | 1 2 |  2.2
Ice Magic      | 1 2 |  2.2
Air Magic      | 1 2 |  2.2
Earth Magic    | 1 2 |  2.2
Poison Magic   | 1 2 |  2.2
Fighting       | 7 |  7.1
Axes           | 7 |  7.1
Dodging        | 7 |  7.1
Stealth        | 5 |  5.0

Action                   |  1- 3 |  4- 6 |  7- 9 || total
-------------------------+-------+-------+-------++-------
Melee: Hand axe          |    42 |       |       ||    42
       Bite              |     6 |    13 |    10 ||    29
       Spear             |    72 |    53 |       ||   125
       Long sword        |       |    98 |    67 ||   165
       Punch             |       |       |     1 ||     1
Throw: Stone             |     6 |       |       ||     6
Evoke: Wand              |       |       |     2 ||     2
  Use: Scroll            |       |     6 |     4 ||    10
       Potion            |       |     3 |     1 ||     4
 Stab: Sleeping          |     6 |       |       ||     6
Armor: Robe              |     1 |       |       ||     1
       Ring mail         |    28 |     4 |       ||    32
       Plate armour      |       |   101 |    73 ||   174
Dodge: Dodged            |   100 |    44 |    18 ||   162
Block: Buckler           |       |       |    16 ||    16
       Rpst.: Long sword |       |     8 |     6 ||    14
